[ AOE2 MATCH · #505471187 ]
UnrankedWu vs Celts
Player's team · LOSS
Rival team · WIN
[ REPLAY ANALYSIS · EXTRACTED FROM THE RECORDED GAME ]
Feudal
11:12
Castle
21:30
Imperial
50:34
| APM avg | 67.0 |
| APM peak | 100 |
| eAPM avg | 43.0 |
| Villagers / military | 224 / 491 |
Focus
⚔️ 58.9% · 🌾 41.1%
Militia ×457 · Scout Cavalry ×13 · Battering Ram ×10 · Monk ×8 · Mangonel ×3 · Unknown (1942) ×3
Feudal
9:17
Castle
21:42
Imperial
38:56
| APM avg | 49.9 |
| APM peak | 100 |
| eAPM avg | 29.2 |
| Villagers / military | 181 / 486 |
Focus
⚔️ 44.4% · 🌾 55.6%
Militia ×359 · Woad Raider ×50 · Scorpion ×31 · Archer ×20 · Trebuchet (Packed) ×12 · Monk ×6
Match map
Initial resources + every placement click. Lines = walls · curves = elevation contours. ◆ gold · ⬟ stone · ● berries · ✦ relic · ◌ wall gap
Your base· Open — 7t gap
Mununez's base· Open — 6t gap
Smoothed initial terrain · ◌ = detected wall gap · hover for details
Inputs per minute
— _Barles_ - - Mununez
Build order — _Barles_
First 150 of 736 actions detected
| 0:01 | Create | Villager (Male) |
| 0:03 | Build | House |
| 0:04 | Create | Villager (Male) |
| 0:05 | Build | House |
| 0:07 | Create | Villager (Male) |
| 0:13 | Create | Villager (Male) |
| 1:19 | Create | Villager (Male) |
| 1:54 | Create | Villager (Male) |
| 2:02 | Build | Lumber Camp |
| 2:13 | Create | Villager (Male) |
| 2:37 | Create | Villager (Male) |
| 2:58 | Create | Villager (Male) |
| 3:31 | Create | Villager (Male) |
| 3:51 | Build | House |
| 3:55 | Create | Villager (Male) |
| 4:16 | Create | Villager (Male) |
| 4:40 | Create | Villager (Male) |
| 4:57 | Build | Barracks |
| 5:05 | Create | Villager (Male) |
| 5:19 | Build | House |
| 5:31 | Create | Villager (Male) |
| 5:56 | Create | Militia |
| 5:57 | Create | Militia |
| 5:57 | Create | Militia |
| 5:58 | Create | Villager (Male) |
| 6:23 | Build | Mill |
| 6:30 | Create | Militia |
| 6:33 | Create | Villager (Male) |
| 7:01 | Create | Villager (Male) |
| 7:06 | Build | House |
| 7:07 | Build | Palisade Wall |
| 7:42 | Create | Villager (Male) |
| 8:07 | Create | Villager (Male) |
| 8:09 | Build | House |
| 8:18 | Build | Farm |
| 8:20 | Research | Loom |
| 8:30 | Build | House |
| 8:48 | Create | Villager (Male) |
| 8:59 | Research | Feudal Age |
| 9:01 | Build | Mining Camp |
| 9:28 | Build | House |
| 9:43 | Create | Militia |
| 9:53 | Build | Palisade Wall |
| 10:11 | Create | Militia |
| 10:18 | Create | Villager (Male) |
| 10:19 | Build | Farm |
| 10:21 | Build | Farm |
| 10:45 | Create | Militia |
| 10:50 | Build | House |
| 10:57 | Build | House |
| 10:59 | Build | Palisade Wall |
| 11:00 | Build | Palisade Wall |
| 11:03 | Build | Palisade Wall |
| 11:08 | Build | Palisade Wall |
| 11:09 | Build | Palisade Wall |
| 11:12 | Age | Feudal Age |
| 11:16 | Create | Villager (Male) |
| 11:28 | Build | Blacksmith |
| 11:43 | Research | Man-at-Arms (upgrade) |
| 11:48 | Research | Double-Bit Axe |
| 11:51 | Create | Villager (Male) |
| 11:52 | Build | Farm |
| 11:54 | Build | House |
| 12:07 | Build | House |
| 12:19 | Research | Scale Mail Armor |
| 12:22 | Create | Villager (Male) |
| 12:35 | Build | Farm |
| 12:36 | Build | Farm |
| 12:48 | Create | Villager (Male) |
| 12:59 | Build | Farm |
| 13:00 | Build | Farm |
| 13:10 | Create | Villager (Male) |
| 13:15 | Build | Farm |
| 13:30 | Research | Arson |
| 13:34 | Build | House |
| 13:35 | Create | Villager (Male) |
| 13:48 | Build | House |
| 13:53 | Build | Farm |
| 13:57 | Build | House |
| 13:58 | Create | Villager (Male) |
| 14:23 | Research | Horse Collar |
| 14:24 | Research | Horse Collar |
| 14:24 | Create | Villager (Male) |
| 14:27 | Build | House |
| 14:40 | Create | Villager (Male) |
| 14:42 | Build | House |
| 14:45 | Build | House |
| 14:45 | Build | House |
| 14:59 | Create | Villager (Male) |
| 15:13 | Build | Market |
| 15:16 | Build | Palisade Wall |
| 15:18 | Create | Villager (Male) |
| 15:26 | Build | House |
| 15:31 | Build | Palisade Wall |
| 15:42 | Build | Farm |
| 15:53 | Create | Villager (Male) |
| 15:55 | Build | Palisade Wall |
| 15:56 | Build | Palisade Wall |
| 16:05 | Build | Lumber Camp |
| 16:14 | Build | Farm |
| 16:18 | Build | House |
| 16:26 | Build | House |
| 16:26 | Create | Villager (Male) |
| 16:35 | Build | Farm |
| 16:46 | Create | Villager (Male) |
| 16:53 | Build | House |
| 16:55 | Build | Farm |
| 17:00 | Build | House |
| 17:01 | Build | House |
| 17:03 | Build | House |
| 17:04 | Build | House |
| 17:08 | Create | Villager (Male) |
| 17:24 | Build | House |
| 17:31 | Build | House |
| 17:41 | Build | Farm |
| 17:42 | Build | Farm |
| 17:45 | Build | House |
| 17:46 | Create | Villager (Male) |
| 17:51 | Build | Farm |
| 17:58 | Create | Villager (Male) |
| 18:08 | Build | Palisade Wall |
| 18:50 | Research | Castle Age |
| 18:54 | Build | House |
| 18:56 | Build | Farm |
| 19:18 | Build | House |
| 20:48 | Create | Villager (Male) |
| 20:59 | Build | House |
| 21:30 | Age | Castle Age |
| 21:33 | Build | Town Center |
| 21:37 | Create | Unit 1974 |
| 21:39 | Research | Bow Saw |
| 21:39 | Research | Bow Saw |
| 21:39 | Create | Villager (Male) |
| 21:49 | Build | Siege Workshop |
| 21:53 | Create | Villager (Male) |
| 21:58 | Research | Squires |
| 21:58 | Research | Squires |
| 22:02 | Build | Farm |
| 22:14 | Build | Town Center |
| 22:21 | Create | Mangonel |
| 22:29 | Research | Wheelbarrow |
| 22:30 | Research | Wheelbarrow |
| 22:53 | Build | Farm |
| 22:54 | Build | Farm |
| 22:56 | Create | Villager (Male) |
| 22:58 | Create | Villager (Male) |
| 22:58 | Create | Villager (Male) |
| 23:20 | Create | Villager (Male) |
| 23:24 | Create | Villager (Male) |
| 23:28 | Build | House |
Build order — Mununez
First 150 of 856 actions detected
| 0:00 | Create | Villager (Male) |
| 0:00 | Create | Villager (Male) |
| 0:01 | Create | Villager (Male) |
| 0:02 | Build | House |
| 0:03 | Build | House |
| 0:12 | Create | Villager (Male) |
| 1:27 | Create | Villager (Male) |
| 1:49 | Build | Lumber Camp |
| 1:59 | Create | Villager (Male) |
| 2:16 | Create | Villager (Male) |
| 2:44 | Create | Villager (Male) |
| 3:12 | Create | Villager (Male) |
| 3:22 | Create | Villager (Male) |
| 3:51 | Build | House |
| 3:59 | Create | Villager (Male) |
| 4:00 | Create | Villager (Male) |
| 4:51 | Create | Villager (Male) |
| 5:00 | Create | Villager (Male) |
| 5:15 | Build | Mill |
| 5:41 | Create | Villager (Male) |
| 5:57 | Build | House |
| 6:03 | Create | Villager (Male) |
| 6:23 | Build | Barracks |
| 6:39 | Create | Villager (Male) |
| 6:42 | Research | Loom |
| 7:03 | Research | Feudal Age |
| 7:25 | Create | Militia |
| 7:40 | Build | Mining Camp |
| 7:44 | Create | Militia |
| 8:07 | Build | Palisade Wall |
| 8:09 | Create | Villager (Male) |
| 8:19 | Build | House |
| 8:21 | Build | House |
| 8:23 | Build | Palisade Wall |
| 8:28 | Create | Militia |
| 8:38 | Create | Villager (Male) |
| 8:44 | Build | Palisade Wall |
| 8:46 | Build | Palisade Wall |
| 8:47 | Build | Palisade Wall |
| 8:48 | Build | Palisade Wall |
| 9:01 | Create | Militia |
| 9:17 | Age | Feudal Age |
| 9:27 | Research | Double-Bit Axe |
| 9:40 | Build | Archery Range |
| 9:42 | Build | Palisade Wall |
| 9:43 | Build | Palisade Wall |
| 9:47 | Research | Man-at-Arms (upgrade) |
| 9:54 | Create | Villager (Male) |
| 10:22 | Build | House |
| 10:28 | Create | Villager (Male) |
| 10:36 | Create | Archer |
| 10:44 | Build | Farm |
| 10:56 | Create | Villager (Male) |
| 11:04 | Create | Villager (Male) |
| 11:08 | Build | Farm |
| 11:08 | Build | Farm |
| 11:17 | Create | Archer |
| 11:24 | Build | Farm |
| 11:37 | Build | Farm |
| 11:43 | Create | Villager (Male) |
| 11:59 | Build | House |
| 12:02 | Create | Archer |
| 12:06 | Research | Town Watch |
| 12:19 | Build | Blacksmith |
| 12:20 | Build | Palisade Wall |
| 12:24 | Build | Palisade Wall |
| 12:35 | Build | House |
| 12:39 | Build | Palisade Wall |
| 12:47 | Create | Villager (Male) |
| 12:48 | Create | Archer |
| 13:06 | Create | Archer |
| 13:15 | Create | Villager (Male) |
| 13:18 | Research | Fletching |
| 13:21 | Build | Farm |
| 13:38 | Create | Villager (Male) |
| 13:45 | Build | Archery Range |
| 13:51 | Build | Farm |
| 13:52 | Create | Archer |
| 13:58 | Build | Palisade Wall |
| 14:03 | Create | Villager (Male) |
| 14:05 | Create | Archer |
| 14:13 | Build | Palisade Wall |
| 14:15 | Build | House |
| 14:18 | Build | House |
| 14:22 | Create | Villager (Male) |
| 14:34 | Build | Farm |
| 14:35 | Create | Archer |
| 14:41 | Create | Archer |
| 14:45 | Build | Farm |
| 14:46 | Build | Palisade Wall |
| 14:57 | Create | Villager (Male) |
| 15:09 | Build | Farm |
| 15:11 | Build | Farm |
| 15:12 | Create | Archer |
| 15:16 | Create | Villager (Male) |
| 15:18 | Build | Farm |
| 15:22 | Build | Palisade Wall |
| 15:23 | Build | Palisade Wall |
| 15:31 | Create | Archer |
| 15:38 | Create | Villager (Male) |
| 15:41 | Build | Farm |
| 15:51 | Create | Archer |
| 15:52 | Create | Villager (Male) |
| 16:03 | Build | House |
| 16:06 | Build | Palisade Wall |
| 16:12 | Create | Archer |
| 16:25 | Create | Villager (Male) |
| 16:26 | Create | Archer |
| 16:26 | Create | Archer |
| 16:42 | Create | Villager (Male) |
| 16:57 | Create | Archer |
| 17:07 | Create | Archer |
| 17:07 | Create | Archer |
| 17:17 | Create | Villager (Male) |
| 17:39 | Build | Market |
| 17:52 | Create | Villager (Male) |
| 17:53 | Create | Archer |
| 17:53 | Create | Archer |
| 18:21 | Create | Villager (Male) |
| 18:51 | Build | Lumber Camp |
| 18:54 | Build | House |
| 19:02 | Research | Castle Age |
| 19:32 | Create | Militia |
| 19:40 | Build | House |
| 19:41 | Research | Horse Collar |
| 19:42 | Build | Farm |
| 19:54 | Create | Militia |
| 20:18 | Create | Militia |
| 20:22 | Build | Barracks |
| 20:46 | Build | Farm |
| 20:48 | Create | Militia |
| 20:48 | Create | Militia |
| 20:50 | Research | Scale Mail Armor |
| 20:58 | Build | Farm |
| 21:07 | Build | Lumber Camp |
| 21:09 | Build | House |
| 21:12 | Build | Farm |
| 21:13 | Create | Militia |
| 21:13 | Create | Militia |
| 21:18 | Create | Militia |
| 21:19 | Create | Militia |
| 21:42 | Age | Castle Age |
| 21:46 | Research | Long Swordsman (upgrade) |
| 21:47 | Create | Villager (Male) |
| 22:07 | Create | Villager (Male) |
| 22:21 | Research | Crossbowman (upgrade) |
| 22:23 | Create | Villager (Male) |
| 22:29 | Research | Bodkin Arrow |
| 22:49 | Create | Villager (Male) |
| 22:58 | Build | Town Center |
Match timeline
| 4:57 | _Barles_ · first_building Barracks |
| 6:23 | Mununez · first_building Barracks |
| 7:07 | _Barles_ · wall_segment Palisade Wall x1 |
| 8:07 | Mununez · wall_segment Palisade Wall x1 |
| 8:23 | Mununez · wall_segment Palisade Wall x1 |
| 8:44 | Mununez · wall_segment Palisade Wall x1 |
| 8:46 | Mununez · wall_segment Palisade Wall x1 |
| 8:47 | Mununez · wall_segment Palisade Wall x1 |
| 8:48 | Mununez · wall_segment Palisade Wall x1 |
| 9:17 | Mununez · age_up feudal |
| 9:40 | Mununez · first_building Archery Range |
| 9:42 | Mununez · wall_segment Palisade Wall x1 |
| 9:43 | Mununez · wall_segment Palisade Wall x1 |
| 9:53 | _Barles_ · wall_segment Palisade Wall x1 |
| 10:59 | _Barles_ · wall_segment Palisade Wall x1 |
| 11:00 | _Barles_ · wall_segment Palisade Wall x1 |
| 11:03 | _Barles_ · wall_segment Palisade Wall x1 |
| 11:08 | _Barles_ · wall_segment Palisade Wall x1 |
| 11:09 | _Barles_ · wall_segment Palisade Wall x1 |
| 11:12 | _Barles_ · age_up feudal |
| 12:20 | Mununez · wall_segment Palisade Wall x1 |
| 12:24 | Mununez · wall_segment Palisade Wall x8 |
| 12:39 | Mununez · wall_segment Palisade Wall x1 |
| 13:58 | Mununez · wall_segment Palisade Wall x2 |
| 14:13 | Mununez · wall_segment Palisade Wall x1 |
| 14:46 | Mununez · wall_segment Palisade Wall x1 |
| 15:16 | _Barles_ · wall_segment Palisade Wall x1 |
| 15:22 | Mununez · wall_segment Palisade Wall x1 |
| 15:23 | Mununez · wall_segment Palisade Wall x1 |
| 15:31 | _Barles_ · wall_segment Palisade Wall x10 |
| 15:55 | _Barles_ · wall_segment Palisade Wall x1 |
| 15:56 | _Barles_ · wall_segment Palisade Wall x1 |
| 16:06 | Mununez · wall_segment Palisade Wall x1 |
| 17:43 | _Barles_ · first_market_buy 100 food |
| 18:08 | _Barles_ · wall_segment Palisade Wall x1 |
| 18:16 | _Barles_ · first_market_sell 100 wood |
| 18:45 | Mununez · first_market_sell 500 wood |
| 18:47 | Mununez · first_market_buy 100 food |
| 21:30 | _Barles_ · age_up castle |
| 21:42 | Mununez · age_up castle |
| 21:49 | _Barles_ · first_building Siege Workshop |
| 23:00 | Mununez · first_building Monastery |
| 23:51 | _Barles_ · first_building Monastery |
| 25:45 | Mununez · first_building Siege Workshop |
| 32:32 | _Barles_ · first_building Castle |
| 33:35 | Mununez · first_building Castle |
| 34:56 | Mununez · wall_segment Stone Wall x1 |
| 34:59 | Mununez · wall_segment Stone Wall x5 |
| 37:44 | Mununez · wall_segment Stone Wall x5 |
| 37:45 | Mununez · wall_segment Stone Wall x1 |
| 38:56 | Mununez · age_up imperial |
| 42:19 | Mununez · wall_segment Stone Wall x1 |
| 42:21 | Mununez · wall_segment Stone Wall x1 |
| 42:22 | Mununez · wall_segment Stone Wall x1 |
| 42:26 | Mununez · wall_segment Stone Wall x1 |
| 42:29 | Mununez · wall_segment Stone Wall x1 |
| 42:31 | Mununez · wall_segment Stone Wall x1 |
| 45:01 | Mununez · wall_segment Stone Wall x3 |
| 46:00 | Mununez · wall_segment Stone Wall x16 |
| 47:19 | Mununez · wall_segment Stone Wall x3 |
| 49:22 | Mununez · wall_segment Stone Wall x1 |
| 50:34 | _Barles_ · age_up imperial |
| 55:12 | Mununez · wall_segment Stone Wall x1 |
| 55:14 | Mununez · wall_segment Palisade Wall x1 |
| 55:18 | Mununez · wall_segment Palisade Wall x1 |
| 55:19 | Mununez · wall_segment Palisade Wall x1 |
| 55:21 | Mununez · wall_segment Palisade Wall x1 |
| 55:40 | Mununez · first_building Dock |
| 57:10 | _Barles_ · first_building Stable |
| 58:42 | Mununez · wall_segment Stone Wall x2 |
| 58:44 | Mununez · wall_segment Stone Wall x1 |
| 64:09 | _Barles_ · resign |
[ AI ANALYSIS · 1 CREDIT ]
What really happened in this match?
Wolo.gg analyzes every decision: build order, eco, micro, common mistakes by bracket. Personalized analysis on WhatsApp or Discord in 30 seconds.
Civ guide
Wu
Perfil
Jugador #666976